[Event "Titled Tuesday Blitz April 05 Early 2022"]
[White "Samaganova, Aleksandra"]
[Black "Przybylski, Wojciech"]
[WhiteFideId "13800221"]
[BlackFideId "1117599"]
[WhiteElo "1859"]
[BlackElo "2133"]
[Result "0-1"]
[Round "11"]
[TimeControl "180+1"]
[Date "2022.04.05"]
[WhiteClock "0:00:07"]
[BlackClock "0:01:01"]

1. c4 e5 2. Nc3 Nf6 3. Nf3 Nc6 4. a3 d5 5. cxd5 Nxd5 6. Qc2 Be6 7. e3 a6 8. b4 Be7 9. Bb2 O-O 10. Be2 f6 11. O-O Kh8 12. Rfd1 f5 13. d4 e4 14. Ne5 Bd6 15. Nxd5 Bxd5 16. Bc4 Ne7 17. Rac1 Qe8 18. Qe2 c6 19. g3 Rd8 20. Bc3 Kg8 21. a4 Ng6 22. Bxd5+ cxd5 23. Qb2 Qxa4 24. Bd2 Qb5 25. Rc2 Rfe8 26. Nxg6 hxg6 27. Rdc1 Kh7 28. Be1 Rf8 29. Kg2 g5 30. h3 f4 31. gxf4 gxf4 32. exf4 Rxf4 33. Rc3 Rdf8 34. Rg3 Rf3 35. Rc2 Bxg3 36. fxg3 Qf1+ 37. Kh2 Qxe1 38. Rg2 Rf2 39. Rxf2 Rxf2+ 40. Qxf2 Qxf2+ 0-1


[Site "https://www.chess.com"]

[Event "Titled Tuesday Blitz April 05 Early 2022"]
[White "Samant Aditya S"]
[Black "Noboa Silva, Kevin"]
[WhiteFideId "35080580"]
[BlackFideId "3618471"]
[WhiteElo "1916"]
[BlackElo "2172"]
[Result "1-0"]
[Round "11"]
[TimeControl "180+1"]
[Date "2022.04.05"]
[WhiteClock "0:00:15"]
[BlackClock "0:00:09"]

1. d4 Nf6 2. c4 g6 3. Nc3 d5 4. cxd5 Nxd5 5. e4 Nxc3 6. bxc3 Bg7 7. Nf3 O-O 8. Be2 c5 9. Rb1 b6 10. O-O Qc7 11. Be3 Rd8 12. Qb3 Nc6 13. d5 Na5 14. Qc2 c4 15. Nd4 Bd7 16. Rfd1 Nb7 17. a4 Nc5 18. Nb5 Qe5 19. f3 Bxb5 20. axb5 Qxc3 21. Qxc3 Bxc3 22. Rdc1 Be5 23. Rxc4 Bd6 24. Ra1 f5 25. Rd1 Rf8 26. Rf1 Rac8 27. g3 Rc7 28. Kg2 Kg7 29. Bd4+ Kg8 30. e5 Nb3 31. exd6 Rxc4 32. Bxc4 Nxd4 33. dxe7 Re8 34. d6+ Kg7 35. d7 Rxe7 36. d8=Q 1-0


[Site "https://www.chess.com"]

[Event "Titled Tuesday Blitz April 05 Early 2022"]
[White "Sanchez Alvares, Kelvin Antonio"]
[Black "Estrada Nieto, Julian"]
[WhiteFideId "3906680"]
[BlackFideId "5101018"]
[WhiteElo "2193"]
[BlackElo "2252"]
[Result "1-0"]
[Round "11"]
[TimeControl "180+1"]
[Date "2022.04.05"]
[WhiteClock "0:00:14"]
[BlackClock "0:00:01"]

1. e4 e5 2. Nf3 Nc6 3. Bb5 a6 4. Ba4 Nf6 5. O-O Be7 6. Re1 b5 7. Bb3 d6 8. a4 b4 9. d4 Bg4 10. dxe5 Nxe5 11. Nbd2 O-O 12. h3 Bh5 13. g4 Bg6 14. Re3 Nfd7 15. Qe2 Re8 16. Nxe5 dxe5 17. Nc4 Bc5 18. Rd3 Qe7 19. Kg2 Rab8 20. f3 Bd4 21. f4 exf4 22. Rxd4 Bxe4+ 23. Kh2 f3 24. Qf2 Nc5 25. Bf4 Ba8 26. Bg3 Ne4 27. Qxf3 Ng5 28. Qe3 Qxe3 29. Nxe3 Nf3+ 30. Kg2 Nxd4+ 31. Kf2 Nxb3 32. cxb3 Rbd8 33. Nc4 Rd3 34. Bxc7 Rxb3 35. h4 Bd5 36. Nb6 Rxb2+ 37. Kg3 Re3+ 38. Kf4 Rf3+ 39. Ke5 Bb7 40. Rd1 Re2+ 41. Kd4 h6 42. Kc4 Re4+ 43. Kc5 Rc3+ 44. Kd6 Rc6+ 45. Kd7 Ree6 46. Nd5 Rxc7+ 47. Nxc7 Re4 48. g5 hxg5 49. hxg5 Rg4 50. Ke7 Be4 51. Re1 1-0


[Site "https://www.chess.com"]

[Event "Titled Tuesday Blitz April 05 Early 2022"]
[White "Sanchez, Robert"]
[Black "Derraugh, Geordie"]
[WhiteFideId "2034360"]
[BlackFideId "2603950"]
[WhiteElo "2320"]
[BlackElo "2116"]
[Result "1/2-1/2"]
[Round "11"]
[TimeControl "180+1"]
[Date "2022.04.05"]
[WhiteClock "0:00:05"]
[BlackClock "0:00:21"]

1. e4 c5 2. Nf3 d6 3. d4 cxd4 4. Nxd4 Nf6 5. Nc3 a6 6. Be3 e5 7. Nb3 Be6 8. f3 Nbd7 9. Qd2 b5 10. O-O-O Nb6 11. g4 Rc8 12. Bxb6 Qxb6 13. g5 Nd7 14. Nd5 Bxd5 15. exd5 Be7 16. h4 f5 17. gxf6 Nxf6 18. Bh3 Rc4 19. Be6 b4 20. Kb1 a5 21. Qd3 Rc7 22. Rhg1 a4 23. Nd2 g6 24. Ne4 b3 25. cxb3 axb3 26. axb3 Nh5 27. Rc1 Nf4 28. Qd1 Nxe6 29. dxe6 Rxc1+ 30. Qxc1 O-O 31. h5 Qxb3 32. hxg6 Qd3+ 33. Qc2 Qxc2+ 34. Kxc2 h5 35. Rg3 h4 36. Rh3 Kg7 37. b4 Kxg6 38. Nc3 Rc8 39. Kb3 Kf5 40. Nd5 Bg5 41. e7 Ke6 42. e8=Q+ Rxe8 43. Nc7+ Kd7 44. Nxe8 Kxe8 45. Kc4 Kd7 46. Kd5 Bd8 47. b5 Kc7 48. Rh1 Be7 49. Ke6 Bg5 50. Kd5 Be7 51. Rb1 Kb6 52. Ke6 Bf8 53. Kd5 Be7 54. Ke6 Bf8 55. Kd5 Be7 1/2-1/2


[Site "https://www.chess.com"]

[Event "Titled Tuesday Blitz April 05 Early 2022"]
[White "Sarkar, Justin"]
[Black "Alboredo, Julia"]
[WhiteFideId "2010011"]
[BlackFideId "2124807"]
[WhiteElo "2038"]
[BlackElo "2041"]
[Result "0-1"]
[Round "11"]
[TimeControl "180+1"]
[Date "2022.04.05"]
[WhiteClock "0:00:01"]
[BlackClock "0:00:52"]

1. d4 Nf6 2. c4 g6 3. Nc3 Bg7 4. e4 d6 5. Bg5 O-O 6. Qd2 c6 7. Bd3 a6 8. a4 a5 9. Nge2 Na6 10. Rd1 Nb4 11. Bb1 Qc7 12. Bh6 e5 13. d5 cxd5 14. cxd5 Bxh6 15. Qxh6 Qb6 16. f3 Bd7 17. h4 Rac8 18. h5 Na6 19. Qg5 Qd8 20. hxg6 fxg6 21. Bd3 Nc5 22. Bb5 Rf7 23. Bxd7 Nfxd7 24. Qh6 Nb6 25. Ng3 Ncxa4 26. Nxa4 Nxa4 27. O-O Rf4 28. Ne2 Qh4 29. Qxh4 Rxh4 30. Kf2 Rc2 0-1


[Site "https://www.chess.com"]

[Event "Titled Tuesday Blitz April 05 Early 2022"]
[White "Sebag, Marie"]
[Black "Van den Dikkenberg, Erik"]
[WhiteFideId "617822"]
[BlackFideId "1005880"]
[WhiteElo "2440"]
[BlackElo "2118"]
[Result "1-0"]
[Round "11"]
[TimeControl "180+1"]
[Date "2022.04.05"]
[WhiteClock "0:00:19"]
[BlackClock "0:00:24"]

1. d4 Nf6 2. Nc3 g6 3. e4 d6 4. f4 Bg7 5. Nf3 O-O 6. Bd3 c5 7. d5 b5 8. Nxb5 c4 9. Bxc4 Nxe4 10. Qe2 Qa5+ 11. c3 a6 12. Qxe4 axb5 13. Bb3 Bf5 14. Qe3 Nd7 15. O-O Nc5 16. Bd1 Nd3 17. Nd4 Bxd4 18. cxd4 Nxc1 19. Qxc1 Rfc8 20. Qe3 Qb4 21. Bb3 Rc7 22. a3 Qa5 23. Rac1 Rac8 24. Rxc7 Rxc7 25. Rc1 Rxc1+ 26. Qxc1 Kg7 27. Qc3 Qb6 28. h3 h5 29. Qb4 Qc7 30. Qc3 Qb6 31. Kf2 Kf6 32. Bd1 h4 33. Be2 Qb7 34. Qb3 Qb6 35. Ke3 Qc7 36. Qc3 Qb6 37. Kf2 Qb7 38. Qb3 Qb6 39. Qb4 Qb7 40. Bxb5 Qxd5 41. a4 Qe4 42. Qd2 Qb1 43. a5 Qh1 44. a6 Qh2 45. Qc3 Qg3+ 46. Qxg3 hxg3+ 47. Kxg3 1-0


[Site "https://www.chess.com"]

[Event "Titled Tuesday Blitz April 05 Early 2022"]
[White "Sellitti, Federico"]
[Black "Gunina, Valentina"]
[WhiteFideId "821829"]
[BlackFideId "4167570"]
[WhiteElo "2556"]
[BlackElo "2381"]
[Result "0-1"]
[Round "11"]
[TimeControl "180+1"]
[Date "2022.04.05"]
[WhiteClock "0:00:02"]
[BlackClock "0:01:39"]

1. e4 c6 2. d4 d5 3. exd5 cxd5 4. Bd3 Nf6 5. c3 Bg4 6. Nf3 e6 7. Bf4 Bd6 8. Bxd6 Qxd6 9. Nbd2 O-O 10. O-O Nc6 11. Qe1 Nd7 12. Ng5 h6 13. f3 Bh5 14. Qh4 Bg6 15. Bxg6 fxg6 16. Nh3 e5 17. dxe5 Ndxe5 18. Nb3 Nc4 19. Qf2 Rae8 20. Rfe1 g5 21. Nd4 Nxd4 22. Qxd4 Nxb2 23. Qxa7 b6 24. Nf2 Qc5 25. Qd7 Rxe1+ 26. Rxe1 Nd3 27. Re2 Kh7 28. Qe7 Nxf2 29. Qxc5 Nh3+ 30. gxh3 bxc5 31. Kf2 Ra8 32. Rd2 Ra3 33. Rxd5 Rxc3 34. a4 Kg6 35. a5 Kh5 36. Kg3 Kg6 37. a6 h5 38. a7 h4+ 39. Kf2 Ra3 40. Rd6+ Kf5 41. Rc6 Kf4 42. Rxc5 Ra2+ 43. Ke1 Rxa7 44. Rc4+ Kxf3 45. Rc3+ Kg2 46. Rc2+ Kxh3 47. Kf1 Ra1+ 48. Kf2 Kxh2 49. Kf3+ Kh3 50. Ke4 g4 51. Kf4 g3 52. Kg5 Ra5+ 0-1


[Site "https://www.chess.com"]

[Event "Titled Tuesday Blitz April 05 Early 2022"]
[White "Shohat, Yotam"]
[Black "Todorovic, Bojan"]
[WhiteFideId "2813955"]
[BlackFideId "917087"]
[WhiteElo "2119"]
[BlackElo "2266"]
[Result "1-0"]
[Round "11"]
[TimeControl "180+1"]
[Date "2022.04.05"]
[WhiteClock "0:00:18"]
[BlackClock "0:01:05"]

1. e4 c5 2. Nf3 e6 3. g3 Nc6 4. Bg2 g6 5. d4 cxd4 6. Nxd4 a6 7. Nc3 Bg7 8. Be3 Nge7 9. O-O O-O 10. Qd2 b5 11. Rad1 Bb7 12. a3 Ne5 13. Bh6 Nc4 14. Qc1 Bxh6 15. Qxh6 Nxb2 16. Nf3 f6 17. Rd4 e5 18. Rd6 Nc4 19. Rxf6 Rxf6 20. Ng5 Rf7 21. Nxf7 Kxf7 22. Qxh7+ Kf6 23. f4 Qb6+ 24. Kh1 Ne3 25. fxe5+ Ke6 26. Rf6+ Kxe5 27. Qxe7+ Kd4 28. Ne2+ Kc4 29. Qb4# 1-0


[Site "https://www.chess.com"]

[Event "Titled Tuesday Blitz April 05 Early 2022"]
[White "Shtyka, Sergey"]
[Black "Papp, Levente"]
[WhiteFideId "4138465"]
[BlackFideId "751243"]
[WhiteElo "2014"]
[BlackElo "2308"]
[Result "0-1"]
[Round "11"]
[TimeControl "180+1"]
[Date "2022.04.05"]
[WhiteClock "0:00:04"]
[BlackClock "0:00:09"]

1. e4 e6 2. Nf3 d5 3. e5 a5 4. c4 dxc4 5. Bxc4 Ne7 6. O-O Nd5 7. d4 Be7 8. Nc3 c6 9. Ne4 h6 10. a3 Nd7 11. Re1 b5 12. Ba2 Bb7 13. Bd2 c5 14. dxc5 Nxc5 15. Qe2 O-O 16. Nxc5 Bxc5 17. Qxb5 Qe7 18. Bxa5 Nf4 19. b4 Bxf3 20. Qxc5 Qg5 21. g3 Qh5 22. Qe3 Nh3+ 23. Kf1 Ng5 24. h4 Qg4 25. Rec1 Qh3+ 26. Ke1 Rad8 27. Bxd8 Rxd8 28. Bc4 Qh1+ 29. Bf1 Bg2 30. Ke2 Bf3+ 31. Ke1 Ne4 32. Rd1 Bxd1 33. Rxd1 Rxd1+ 34. Kxd1 Qxf1+ 35. Kc2 Qc4+ 36. Kb2 Qd5 37. g4 Qxe5+ 38. Kb3 Qd5+ 39. Kb2 Nd6 40. Qc3 Nc4+ 41. Kc1 e5 42. g5 hxg5 43. hxg5 e4 44. Kb1 Qd1+ 45. Ka2 Qd5 46. Kb1 Nd6 47. a4 Qxg5 48. b5 Qg1+ 49. Ka2 Qxf2+ 50. Kb3 Qb6 51. Kb4 Nb7 52. Qc8+ Kh7 53. Qf5+ Kh6 54. Qh3+ Kg5 55. Qg3+ Kf5 56. Qh3+ Kf4 57. Qh2+ Kf3 58. Qh1+ Kf4 59. Qh2+ Kf5 60. Qh3+ Ke5 61. Qg3+ Ke6 62. Qg4+ Ke7 63. Qxe4+ Kd7 64. Qf5+ Qe6 65. Qxe6+ fxe6 66. a5 Kc7 67. b6+ Kc6 68. Kc4 Nxa5+ 69. Kd4 Kxb6 70. Ke5 Nc6+ 71. Kxe6 g6 72. Kf6 Ne7 73. Kg5 Kc5 74. Kf6 Kd5 75. Kg5 Ke5 76. Kh4 Kf5 0-1


[Site "https://www.chess.com"]

[Event "Titled Tuesday Blitz April 05 Early 2022"]
[White "Shukhman, Anna"]
[Black "Tsyhanchuk, Stanislav"]
[WhiteFideId "54180058"]
[BlackFideId "13505130"]
[WhiteElo "1665"]
[BlackElo "2078"]
[Result "1-0"]
[Round "11"]
[TimeControl "180+1"]
[Date "2022.04.05"]
[WhiteClock "0:00:34"]
[BlackClock "0:00:02"]

1. e4 c5 2. Nf3 d6 3. d4 cxd4 4. Nxd4 Nf6 5. Nc3 a6 6. Qd3 e5 7. Nf5 Bxf5 8. exf5 d5 9. Bg5 d4 10. Ne4 Be7 11. Bxf6 Bxf6 12. O-O-O Nc6 13. g4 Bg5+ 14. Kb1 Bf4 15. h4 b5 16. g5 Qd5 17. Bg2 O-O-O 18. Bf3 Kb8 19. Qa3 a5 20. Rhe1 Ka7 21. Nc5 Qd6 22. Bxc6 Kb6 23. Nb7 Qxc6 24. Nxd8 Rxd8 25. Qd3 Rc8 26. Qe4 Qc5 27. f6 g6 28. Re2 a4 29. a3 Ka7 30. Rd3 Rb8 31. Rf3 b4 32. Rxf4 bxa3 33. Qxe5 Rxb2+ 34. Ka1 Qc3 35. Qxd4+ Qxd4 36. Rxd4 1-0


[Site "https://www.chess.com"]

[Event "Titled Tuesday Blitz April 05 Early 2022"]
[White "Silvestre, Christian"]
[Black "Bongo Akanga Ndjila, Barthelemy"]
[WhiteFideId "30956269"]
[BlackFideId "10609431"]
[WhiteElo "2402"]
[BlackElo "1768"]
[Result "1/2-1/2"]
[Round "11"]
[TimeControl "180+1"]
[Date "2022.04.05"]
[WhiteClock "0:00:13"]
[BlackClock "0:00:22"]

1. e4 c6 2. Nc3 d5 3. d4 dxe4 4. Nxe4 Nf6 5. Nc3 Bf5 6. Bc4 e6 7. Nf3 Bg4 8. h3 Bh5 9. g4 Bg6 10. Ne5 Nbd7 11. Qe2 Nxe5 12. dxe5 Nd5 13. Bd2 Qb6 14. O-O-O O-O-O 15. a3 Nxc3 16. Bxc3 Bc5 17. f3 Be3+ 18. Kb1 Bd4 19. Bxd4 Rxd4 20. Rxd4 Qxd4 21. Rd1 Qc5 22. Bb3 Qb6 23. Ka2 Rd8 24. Rd2 Rxd2 25. Qxd2 Qd8 26. Qf4 Qe7 27. Qd4 c5 28. Qf2 Qc7 29. Bc4 Qxe5 30. f4 Qd4 31. Qe2 Qxf4 32. Bb3 Qd4 33. Qb5 Qd7 34. Qxc5+ Qc6 35. Qf8+ Kc7 36. Qxg7 b5 37. Qe5+ Kb7 38. Qe2 a5 39. c3 a4 40. Bc2 Qd5+ 41. Kb1 Bxc2+ 42. Qxc2 Qh1+ 43. Ka2 Qxh3 44. Qe4+ Kb6 45. Qd4+ Kc6 46. Qe4+ Kd6 47. Qf4+ Ke7 48. Qg5+ Kf8 49. Qd8+ Kg7 50. Qg5+ Kf8 51. Qc5+ Kg7 52. Qg5+ Kf8 1/2-1/2


[Site "https://www.chess.com"]

[Event "Titled Tuesday Blitz April 05 Early 2022"]
[White "Skliarov, Viktor"]
[Black "Begunov, Konstantin"]
[WhiteFideId "14106736"]
[BlackFideId "4118510"]
[WhiteElo "2229"]
[BlackElo "2262"]
[Result "1-0"]
[Round "11"]
[TimeControl "180+1"]
[Date "2022.04.05"]
[WhiteClock "0:00:40"]
[BlackClock "0:00:58"]

1. e4 c5 2. Nf3 d6 3. d4 cxd4 4. Qxd4 Nf6 5. Nc3 a6 6. Be3 Nc6 7. Qd2 Bg4 8. O-O-O e6 9. h3 Bxf3 10. gxf3 Be7 11. Rg1 g6 12. f4 Qa5 13. Kb1 Rc8 14. f3 O-O 15. Rg5 Qc7 16. f5 Ne5 17. fxg6 hxg6 18. Qg2 Nh7 19. Rh5 Kh8 20. Rh6 Nc4 21. Bxc4 Qxc4 22. Bd4+ Kg8 23. Rxg6+ fxg6 24. Qxg6# 1-0


[Site "https://www.chess.com"]

[Event "Titled Tuesday Blitz April 05 Early 2022"]
[White "Tasev, Dejan"]
[Black "Chernov, Mikhail"]
[WhiteFideId "936618"]
[BlackFideId "24143170"]
[WhiteElo "2253"]
[BlackElo "2189"]
[Result "0-1"]
[Round "11"]
[TimeControl "180+1"]
[Date "2022.04.05"]
[WhiteClock "0:00:16"]
[BlackClock "0:00:06"]

1. e4 c5 2. Nf3 Nc6 3. Nc3 d6 4. d4 cxd4 5. Nxd4 Nf6 6. Bc4 e6 7. Bb3 a6 8. Be3 Qc7 9. f3 Na5 10. Qd2 b5 11. O-O Be7 12. Rfd1 Nc4 13. Bxc4 Qxc4 14. a3 O-O 15. Rac1 Bb7 16. Nb3 b4 17. axb4 Qxb4 18. Ra1 Bc6 19. Qd4 Qxd4 20. Bxd4 Rfd8 21. Na5 Be8 22. Nc4 Rab8 23. b3 d5 24. exd5 Nxd5 25. Nxd5 Rxd5 26. Bf2 Bf6 27. Rab1 Rbd8 28. Rxd5 Rxd5 29. Ne3 Rd2 30. Rd1 Rxd1+ 31. Nxd1 Kf8 32. Bc5+ Be7 33. Bxe7+ Kxe7 34. Kf2 Kd6 35. Ke3 Kc5 36. Kd3 Kb4 37. Kd4 Bc6 38. Ke5 a5 39. Kd4 f6 40. Kd3 e5 41. Nc3 f5 42. Kd2 Kc5 43. Nd1 g5 44. Ne3 e4 45. fxe4 Bxe4 46. g3 h5 47. h4 gxh4 48. gxh4 f4 49. Nd1 Kd4 50. Nf2 Bd5 51. c3+ Ke5 52. Kc2 f3 53. c4 Bb7 54. Kd3 Kf4 55. Kd2 Bc6 56. Nd3+ Kg3 57. Ke1 Kxh4 58. Kf2 Bb7 59. c5 Kg4 60. Ne5+ Kf4 61. Nc4 h4 62. Nxa5 h3 63. Nxb7 h2 64. c6 h1=Q 0-1


[Site "https://www.chess.com"]

[Event "Titled Tuesday Blitz April 05 Early 2022"]
[White "Von Buelow, Georg"]
[Black "Bas Mas, Jose Joaquin"]
[WhiteFideId "4620658"]
[BlackFideId "22219064"]
[WhiteElo "2190"]
[BlackElo "2212"]
[Result "0-1"]
[Round "11"]
[TimeControl "180+1"]
[Date "2022.04.05"]
[WhiteClock "0:00:04"]
[BlackClock "0:00:19"]

1. e4 c5 2. Nf3 d6 3. d4 c4 4. Bxc4 e6 5. O-O Be7 6. Re1 a6 7. a4 Nd7 8. Nbd2 Nb6 9. Bb3 Bd7 10. a5 Nc8 11. c4 Nh6 12. Nf1 Na7 13. d5 e5 14. Ba4 Ng8 15. Ne3 g6 16. Bxd7+ Qxd7 17. Nc2 Nf6 18. h3 O-O 19. b3 Rab8 20. Be3 Nc8 21. Qd3 Re8 22. Nd2 Bf8 23. b4 Bg7 24. b5 Nh5 25. Reb1 Ra8 26. Qf1 Nf4 27. Kh2 f5 28. g3 Nh5 29. f3 f4 30. Bf2 fxg3+ 31. Bxg3 Bh6 32. Nb3 Rf8 33. Bf2 Bf4+ 34. Kh1 Bh6 35. Be1 Ne7 36. Ra2 Rf4 37. Ne3 Raf8 38. Ng4 Bg5 39. Nd2 Nf6 40. Qg2 h5 41. Ne3 Bh4 42. Bxh4 Rxh4 43. Kg1 Rxh3 44. Ndf1 Nh7 45. Rf2 Kg7 46. bxa6 bxa6 47. Rb6 Kh6 48. Rxa6 Ng5 49. Nd2 Rh4 50. Rb6 Nh3+ 51. Kf1 Nxf2 52. Kxf2 Nc8 53. Rb5 Na7 54. Rb4 Qc7 55. Ra4 Qc5 56. Ke2 Rhf4 57. Qf2 Rb8 58. a6 Rb2 59. Kd3 Qd4+ 60. Ke2 Qxd2+ 61. Kf1 Qxf2# 0-1


[Site "https://www.chess.com"]

[Event "Titled Tuesday Blitz April 05 Early 2022"]
[White "Winkels, Marcel"]
[Black "Tuleyeva-Aketayeva, Dana"]
[WhiteFideId "1003887"]
[BlackFideId "13701932"]
[WhiteElo "1900"]
[BlackElo "1875"]
[Result "1-0"]
[Round "11"]
[TimeControl "180+1"]
[Date "2022.04.05"]
[WhiteClock "0:00:24"]
[BlackClock "0:00:06"]

1. e4 c5 2. Nf3 Nc6 3. Bb5 g6 4. O-O Bg7 5. Re1 Nf6 6. e5 Nd5 7. Nc3 Nc7 8. Bxc6 dxc6 9. Ne4 b6 10. Nf6+ Kf8 11. Ne4 h6 12. h3 Kg8 13. d3 Kh7 14. Be3 Nd5 15. Bd2 Ba6 16. b3 Re8 17. Nc3 Bb7 18. Qe2 a5 19. Nd1 Nb4 20. Bc3 Nd5 21. Bb2 a4 22. Qe4 axb3 23. axb3 Rxa1 24. Bxa1 Nb4 25. Re2 Qa8 26. Bc3 Nd5 27. Bb2 b5 28. h4 Qa2 29. h5 Qb1 30. Re1 Qxc2 31. hxg6+ Kh8 32. gxf7 Rf8 33. Nh4 Rxf7 34. e6 Rf4 35. Bxg7+ Kg8 36. Qg6 Qxf2+ 37. Nxf2 1-0


[Site "https://www.chess.com"]

[Event "Titled Tuesday Blitz April 05 Early 2022"]
[White "volunteers1998"]
[Black "Biletskiy, Danylo"]
[BlackFideId "14155419"]
[WhiteElo "2336"]
[BlackElo "2087"]
[Result "0-1"]
[Round "11"]
[TimeControl "180+1"]
[Date "2022.04.05"]
[WhiteClock "0:00:01"]
[BlackClock "0:01:32"]

1. e4 d5 2. exd5 Nf6 3. Bb5+ Bd7 4. Bc4 Bg4 5. f3 Bc8 6. Nc3 Nbd7 7. d4 a6 8. Nge2 b5 9. Bb3 Nb6 10. Nf4 Bb7 11. O-O Nbxd5 12. Nfxd5 Nxd5 13. Nxd5 Bxd5 14. Bxd5 Qxd5 15. a4 b4 16. Qd3 e6 17. Re1 Bd6 18. Qe4 O-O 19. Qxd5 exd5 20. Bg5 f6 21. Bd2 Kf7 22. g3 a5 23. Kf2 Ra6 24. Re2 Rc6 25. Be1 Rc4 26. Rd1 Rb8 27. b3 Rc6 28. Rd3 Re8 29. Rxe8 Kxe8 30. Re3+ Kd7 31. Re2 Be7 32. Ke3 f5 33. Kd3 Bf6 34. Bd2 g6 35. Bf4 Rc3+ 36. Kd2 Bxd4 37. Be5 Bxe5 38. Rxe5 Kd6 39. f4 c5 40. Re8 c4 41. bxc4 dxc4 42. Ra8 Ra3 43. Rxa5 Ra2 44. Kc1 Kc6 45. Ra7 c3 46. Kb1 Rb2+ 47. Kc1 h6 48. Ra6+ Kc5 49. Rxg6 b3 50. cxb3 Rxh2 51. Rf6 Kb4 52. Rxf5 Kxb3 0-1